html PUBLIC "-//W3C//DTD XHTML 1.0 Transitional//EN" "http://www.w3.org/TR/xhtml1/DTD/xhtml1-transitional.dtd">
PORTLAND PIRATES vs KANSAS CITY KILLERBEESCreated - 24 novembre 2024 at 11:32
1st period
No Goal
Penalties :
Alexis Lafreniere (KCK) for Holding (Minor) at 11:29
2nd period
1. PORTLAND PIRATES , Brett Pesce 1 (Ryan McLeod 2, Ryan Donato 2) at 5:17
2. KANSAS CITY KILLERBEES , Connor Bedard 7 (Jordan Kyrou 8, K'Andre Miller 2) at 8:09 3. KANSAS CITY KILLERBEES , Connor Bedard 8 (Alexis Lafreniere 4) at 14:19 4. PORTLAND PIRATES , Chandler Stephenson 9 (Travis Konecny 5, Robert Thomas 20) at 17:03 Penalties :
Connor Bedard (KCK) for Interference (Minor) at 0:41, Parker Wotherspoon (KCK) for Holding (Minor) at 2:57
3rd period
5. PORTLAND PIRATES , Travis Konecny 7 (Robert Thomas 21, Chandler Stephenson 15) at 15:44
Penalties :
Mattias Ekholm (KCK) for Tripping (Minor) at 3:46, Travis Dermott (POR) for Roughing (Minor) at 8:46, Parker Wotherspoon (KCK) for Holding (Minor) at 11:13, Michael Anderson (POR) for Hooking (Minor) at 18:55
Goalie StatsCameron Talbot (POR), 17 saves from 19 shots - (0,895), W, 11-4-1, 60:00 minutes
Ilya Samsonov (KCK), 33 saves from 36 shots - (0,917), L, 1-1-0, 59:05 minutes
Players Stats for PORTLAND PIRATESPlayer Name G A P +/- PIM S H SB GA TA FO MP PP MP PK MP ------------------------------------------------------------------------------------ Alec Martinez 0 0 0 0 0 0 2 1 0 0 0/0 20:19 5:06 0:00 Brett Pesce 1 0 1 0 0 2 1 1 0 0 0/0 17:37 0:00 2:24 Brian Dumoulin 0 0 0 0 0 0 0 0 0 0 0/0 6:18 0:41 1:51 Chandler Stephenson 1 1 2 0 0 2 1 0 0 0 1/1 21:22 5:18 0:00 Marc-Edouard Vlasic 0 0 0 0 0 0 0 0 0 0 0/0 19:40 3:26 0:39 Michael Amadio 0 0 0 0 0 0 2 0 0 0 0/1 4:28 0:00 0:30 Michael Anderson 0 0 0 1 2 0 0 2 0 0 0/0 21:44 4:49 1:00 Michael McLeod 0 0 0 1 0 1 0 0 0 0 7/13 13:57 0:51 1:33 Mika Zibanejad 0 0 0 0 0 5 0 0 0 0 17/24 20:42 6:01 0:00 Pavel Zacha 0 0 0 0 0 4 0 0 0 0 6/7 19:39 3:54 0:00 Robert Thomas 0 2 2 0 0 4 2 0 0 0 11/18 21:22 5:18 0:00 Ryan Donato 0 1 1 1 0 2 2 0 0 0 0/0 19:01 3:48 0:00 Ryan McLeod 0 1 1 1 0 1 0 0 0 0 0/0 13:16 0:43 1:00 Sam Steel 0 0 0 0 0 0 0 0 0 0 4/8 6:02 0:00 1:00 Thomas Chabot 0 0 0 1 0 2 0 1 0 0 0/0 21:44 5:48 0:00 Travis Dermott 0 0 0 0 2 1 3 2 0 0 0/0 12:18 0:00 0:12 Travis Konecny 1 1 2 0 0 9 1 0 0 0 2/3 19:38 3:52 0:00 Yanni Gourde 0 0 0 0 0 3 2 0 0 0 0/2 17:48 0:00 2:03 Players Stats for KANSAS CITY KILLERBEESPlayer Name G A P +/- PIM S H SB GA TA FO MP PP MP PK MP ------------------------------------------------------------------------------------ Alexis Lafreniere 0 1 1 2 2 0 2 1 0 0 3/3 17:34 1:44 0:00 Boone Jenner 0 0 0 -1 0 4 1 0 0 0 12/17 24:32 1:19 5:28 Chris Kreider 0 0 0 -1 0 1 1 0 0 0 2/12 24:32 1:19 5:28 Connor Bedard 2 0 2 2 2 5 1 2 0 0 3/16 17:29 1:39 0:00 Egor Zamula 0 0 0 0 0 0 0 0 0 0 0/0 3:31 0:00 1:22 Ivan Provorov 0 0 0 -1 0 1 1 2 0 0 0/0 21:51 0:38 4:55 Jordan Kyrou 0 1 1 2 0 3 0 0 0 0 0/5 20:21 0:41 3:49 Justin Schultz 0 0 0 -1 0 0 0 0 0 0 0/0 13:27 0:46 0:00 K'Andre Miller 0 1 1 1 0 0 0 0 0 0 0/0 22:14 1:44 4:36 MacKenzie Entwistle 0 0 0 -1 0 0 0 0 0 0 0/0 2:24 0:00 0:00 Mattias Ekholm 0 0 0 -1 2 0 1 1 0 0 0/0 23:42 1:19 3:57 Morgan Barron 0 0 0 -1 0 0 0 0 0 0 1/2 3:02 0:00 0:38 Nicholas Paul 0 0 0 -1 0 2 0 0 0 0 0/0 13:24 1:44 0:38 Nicolas Aube-Kubel 0 0 0 -2 0 0 6 0 0 0 3/4 13:26 0:00 0:00 Parker Wotherspoon 0 0 0 -1 4 0 3 1 0 0 0/0 13:23 0:00 0:44 Philipp Kurashev 0 0 0 -1 0 3 0 0 0 0 0/2 23:18 1:44 3:49 Sean Walker 0 0 0 1 0 0 1 2 0 0 0/0 20:10 0:00 4:16 Tyler Johnson 0 0 0 -1 0 0 0 0 0 0 5/16 11:40 0:38 0:00 3 Stars
1 - Connor Bedard (KCK)
2 - Travis Konecny (POR) 3 - Chandler Stephenson (POR) Power PlayPORTLAND PIRATES - 0 on 5 Attempt(s) - 0,00%
KANSAS CITY KILLERBEES - 0 on 2 Attempt(s) - 0,00%
Penalty KillPORTLAND PIRATES - 2 on 2 Attempt(s) - 100,00%
- Score 0 goal in Penalty Kill
KANSAS CITY KILLERBEES - 5 on 5 Attempt(s) - 100,00%
- Score 0 goal in Penalty Kill
Team StatPORTLAND PIRATES - Hits : 16 - Faceoff Wins : 48 - Blocked Shots : 7 - Penalty Minutes : 4
KANSAS CITY KILLERBEES - Hits : 17 - Faceoff Wins : 29 - Blocked Shots : 9 - Penalty Minutes : 10
Official
Referees : Frederick L'Ecuyer and Justin St. Pierre
Linesman : Derek Wahl and Brent Hooks Game Notes
No Game Note
FinanceLevel 1 -- Attendance: 6500 (100,00%) -- Ticket Income 975 000 $Level 2 -- Attendance: 4110 (77,55%) -- Ticket Income 493 200 $ Level 3 -- Attendance: 2500 (100,00%) -- Ticket Income 225 000 $ Level 4 -- Attendance: 4200 (100,00%) -- Ticket Income 210 000 $ Luxury Box -- Attendance: 1020 (100,00%) -- Ticket Income 295 800 $ Game was played at the Missouri Beehive Complex. Total Attendance: 18330 (93,90%) Total Ticket Income: 2 199 000 $ Other Expense: 21 990 $ Total Income: 2 177 010 $ PORTLAND PIRATES5 vs 5 Forward Center Left Wing Right Wing Time % Phy DF OF 1 Robert Thomas Chandler Stephenson Travis Konecny 34 0 2 3 2 Mika Zibanejad Pavel Zacha Yanni Gourde 33 0 2 3 3 Michael McLeod Ryan Donato Ryan McLeod 23 0 2 3 4 Sam Steel Ryan Donato Michael Amadio 10 1 2 2 5 vs 5 Defense Defense Defense Time % Phy DF OF 1 Brett Pesce Alec Martinez 33 0 4 1 2 Michael Anderson Thomas Chabot 33 0 4 1 3 Marc-Edouard Vlasic Travis Dermott 24 0 4 1 4 Marc-Edouard Vlasic Brian Dumoulin 10 0 4 1 PowerPlay Forward Center Left Wing Right Wing Time % Phy DF OF 1 Mika Zibanejad Chandler Stephenson Robert Thomas 60 0 1 4 2 Pavel Zacha Ryan Donato Travis Konecny 40 0 1 4 PowerPlay Defense Defense Defense Time % Phy DF OF 1 Thomas Chabot Alec Martinez 60 0 2 3 2 Marc-Edouard Vlasic Michael Anderson 40 0 2 3 Penalty Kill 4 Players Forward Center Wing Time % Phy DF OF 1 Michael McLeod Yanni Gourde 60 0 5 0 2 Sam Steel Ryan McLeod 40 0 5 0 Penalty Kill 4 Players Defense Defense Defense Time % Phy DF OF 1 Brett Pesce Travis Dermott 60 0 5 0 2 Michael Anderson Brian Dumoulin 40 0 5 0 Penalty Kill - 3 Players Forward Forward Time % Phy DF OF 1 Yanni Gourde 60 0 5 0 2 Michael McLeod 40 0 5 0 Penalty Kill - 3 Players Defense Defense Defense Time % Phy DF OF 1 Brett Pesce Travis Dermott 60 0 5 0 2 Michael Anderson Brian Dumoulin 40 0 5 0 4 vs 4 Forward Center Wing Time % Phy DF OF 1 Mika Zibanejad Robert Thomas 60 0 1 4 2 Chandler Stephenson Travis Konecny 40 0 1 4 4 vs 4 Defense Defense Defense Time % Phy DF OF 1 Thomas Chabot Alec Martinez 60 0 2 3 2 Marc-Edouard Vlasic Michael Anderson 40 0 2 3 Last Minutes Offensive Center Left Wing Right Wing Defense Defense Mika Zibanejad Chandler Stephenson Robert Thomas Thomas Chabot Alec Martinez Last Minutes Defensive Center Left Wing Right Wing Defense Defense Michael McLeod Yanni Gourde Ryan McLeod Brett Pesce Michael Anderson Goaltenders Starting : Cameron Talbot Backup : Jonathan Quick Extra Forwards Normal : Sam Steel, Ryan McLeod, Ryan Donato - PP : Michael McLeod, Ryan McLeod - PK : Michael Amadio Extra Defensemen Normal : Brian Dumoulin, Travis Dermott, Marc-Edouard Vlasic - PP : Brian Dumoulin - PK : Brian Dumoulin, Brett Pesce Penalty Shots Mika Zibanejad, Robert Thomas, Travis Konecny, Pavel Zacha, Chandler Stephenson Custom OT Lines Forwards Mika Zibanejad, Robert Thomas, Chandler Stephenson, Travis Konecny, Pavel Zacha, Yanni Gourde, Ryan McLeod, Ryan Donato, Michael McLeod, Michael Amadio Custom OT Lines Defensemen Thomas Chabot, Alec Martinez, Michael Anderson, Brett Pesce, Marc-Edouard Vlasic Scratches Travis Hamonic (Healthy) KANSAS CITY KILLERBEES5 vs 5 Forward Center Left Wing Right Wing Time % Phy DF OF 1 Boone Jenner Chris Kreider Philipp Kurashev 38 1 2 2 2 Connor Bedard Alexis Lafreniere Jordan Kyrou 34 1 2 2 3 Tyler Johnson Nicholas Paul Nicolas Aube-Kubel 23 1 2 2 4 Morgan Barron Nicolas Aube-Kubel MacKenzie Entwistle 5 1 2 2 5 vs 5 Defense Defense Defense Time % Phy DF OF 1 Mattias Ekholm Ivan Provorov 36 1 2 2 2 K'Andre Miller Sean Walker 31 1 2 2 3 Justin Schultz Parker Wotherspoon 23 1 2 2 4 Egor Zamula Mattias Ekholm 10 1 2 2 PowerPlay Forward Center Left Wing Right Wing Time % Phy DF OF 1 Boone Jenner Chris Kreider Jordan Kyrou 55 0 1 4 2 Philipp Kurashev Nicholas Paul Alexis Lafreniere 45 0 1 4 PowerPlay Defense Defense Defense Time % Phy DF OF 1 Mattias Ekholm Connor Bedard 65 0 2 3 2 K'Andre Miller Connor Bedard 35 0 2 3 Penalty Kill 4 Players Forward Center Wing Time % Phy DF OF 1 Chris Kreider Boone Jenner 55 1 2 2 2 Jordan Kyrou Philipp Kurashev 45 1 2 2 Penalty Kill 4 Players Defense Defense Defense Time % Phy DF OF 1 Mattias Ekholm Ivan Provorov 55 1 2 2 2 K'Andre Miller Sean Walker 45 1 2 2 Penalty Kill - 3 Players Forward Forward Time % Phy DF OF 1 Chris Kreider 55 1 2 2 2 Boone Jenner 45 1 2 2 Penalty Kill - 3 Players Defense Defense Defense Time % Phy DF OF 1 Mattias Ekholm Ivan Provorov 55 1 2 2 2 K'Andre Miller Sean Walker 45 1 2 2 4 vs 4 Forward Center Wing Time % Phy DF OF 1 Chris Kreider Boone Jenner 55 1 2 2 2 Jordan Kyrou Philipp Kurashev 45 1 2 2 4 vs 4 Defense Defense Defense Time % Phy DF OF 1 Mattias Ekholm Ivan Provorov 55 1 2 2 2 K'Andre Miller Sean Walker 45 1 2 2 Last Minutes Offensive Center Left Wing Right Wing Defense Defense Boone Jenner Chris Kreider Jordan Kyrou Mattias Ekholm Ivan Provorov Last Minutes Defensive Center Left Wing Right Wing Defense Defense Boone Jenner Chris Kreider Jordan Kyrou Mattias Ekholm Ivan Provorov Goaltenders Starting : Ilya Samsonov Backup : John Gibson Extra Forwards Normal : Connor Bedard, Tyler Johnson, Morgan Barron - PP : Connor Bedard, Tyler Johnson - PK : Morgan Barron Extra Defensemen Normal : Justin Schultz, Parker Wotherspoon, Egor Zamula - PP : Justin Schultz - PK : Parker Wotherspoon, Egor Zamula Penalty Shots Chris Kreider, Boone Jenner, Jordan Kyrou, Philipp Kurashev, Connor Bedard Custom OT Lines Forwards Chris Kreider, Boone Jenner, Jordan Kyrou, Philipp Kurashev, Connor Bedard, Nicholas Paul, Tyler Johnson, Alexis Lafreniere, Morgan Barron, Nicolas Aube-Kubel Custom OT Lines Defensemen Mattias Ekholm, Ivan Provorov, K'Andre Miller, Sean Walker, Justin Schultz Scratches Egor Sokolov (Healthy)
Play-by-Play1st period0:01 of 1st period - Robert Thomas wins face-off versus Boone Jenner in neutral zone. 0:06 of 1st period - Shot by Chandler Stephenson. 0:06 of 1st period - Deflect By Travis Konecny. 0:06 of 1st period - Stopped by Ilya Samsonov with a rebound. 0:19 of 1st period - Off-side. 0:20 of 1st period - Alexis Lafreniere wins face-off versus Yanni Gourde in neutral zone. 0:30 of 1st period - Jordan Kyrou is hit by Yanni Gourde and loses puck. 1:01 of 1st period - Mika Zibanejad is hit by Sean Walker. 1:05 of 1st period - Shot by Mika Zibanejad. 1:05 of 1st period - Shot Misses the Net. 1:07 of 1st period - Shot by Yanni Gourde. 1:07 of 1st period - Stopped by Ilya Samsonov without a rebound. 1:08 of 1st period - Nicolas Aube-Kubel wins face-off versus Michael McLeod in KANSAS CITY KILLERBEES zone. 1:27 of 1st period - Parker Wotherspoon is hit by Ryan Donato and loses puck. 1:40 of 1st period - Shot by Nicholas Paul. 1:40 of 1st period - Shot Misses the Net. 1:42 of 1st period - Shot by Nicholas Paul. 1:42 of 1st period - Stopped by Cameron Talbot with a rebound. 2:23 of 1st period - Shot by Chris Kreider. 2:23 of 1st period - Shot Misses the Net. 3:33 of 1st period - Shot by Connor Bedard. 3:33 of 1st period - Shot Misses the Net. 4:10 of 1st period - Shot by Robert Thomas. 4:10 of 1st period - Deflect By Travis Konecny. 4:10 of 1st period - Stopped by Ilya Samsonov with a rebound. 4:12 of 1st period - Shot by Brett Pesce. 4:12 of 1st period - Stopped by Ilya Samsonov with a rebound. 4:17 of 1st period - Icing by Parker Wotherspoon. 4:18 of 1st period - Mika Zibanejad wins face-off versus Nicolas Aube-Kubel in KANSAS CITY KILLERBEES zone. 4:28 of 1st period - Yanni Gourde is hit by Parker Wotherspoon and loses puck. 4:34 of 1st period - Icing by Parker Wotherspoon. 4:35 of 1st period - Nicolas Aube-Kubel wins face-off versus Robert Thomas in KANSAS CITY KILLERBEES zone. 4:52 of 1st period - Shot by Boone Jenner. 4:52 of 1st period - Deflect By Chris Kreider. 4:52 of 1st period - Shot Misses the Net. 5:37 of 1st period - Chris Kreider is hit by Robert Thomas and loses puck. 5:58 of 1st period - Shot by Jordan Kyrou. 5:58 of 1st period - Shot Misses the Net. 6:00 of 1st period - Shot by Connor Bedard. 6:00 of 1st period - Stopped by Cameron Talbot without a rebound. 6:01 of 1st period - Mika Zibanejad wins face-off versus Connor Bedard in PORTLAND PIRATES zone. 7:03 of 1st period - Icing by Brian Dumoulin. 7:04 of 1st period - Sam Steel wins face-off versus Tyler Johnson in PORTLAND PIRATES zone. 7:04 of 1st period - Sam Steel is hit by Nicolas Aube-Kubel. 7:10 of 1st period - Off-side. 7:11 of 1st period - Nicolas Aube-Kubel wins face-off versus Sam Steel in neutral zone. 7:14 of 1st period - Sam Steel is hit by Nicolas Aube-Kubel and loses puck. 7:31 of 1st period - Icing by Mattias Ekholm. 7:32 of 1st period - Mika Zibanejad wins face-off versus Tyler Johnson in KANSAS CITY KILLERBEES zone. 7:43 of 1st period - Shot by Mika Zibanejad. 7:43 of 1st period - Stopped by Ilya Samsonov without a rebound. 7:44 of 1st period - Boone Jenner wins face-off versus Mika Zibanejad in KANSAS CITY KILLERBEES zone. 8:10 of 1st period - Shot by Chris Kreider. 8:10 of 1st period - Stopped by Cameron Talbot with a rebound. 8:12 of 1st period - Shot by Philipp Kurashev. 8:12 of 1st period - Stopped by Cameron Talbot without a rebound. 8:13 of 1st period - Robert Thomas wins face-off versus Tyler Johnson in PORTLAND PIRATES zone. 8:34 of 1st period - Robert Thomas is hit by Nicolas Aube-Kubel and loses puck. 8:47 of 1st period - Travis Konecny is hit by Nicolas Aube-Kubel and loses puck. 8:58 of 1st period - Icing by Ivan Provorov. 8:59 of 1st period - Mika Zibanejad wins face-off versus Tyler Johnson in KANSAS CITY KILLERBEES zone. 9:46 of 1st period - Mika Zibanejad is hit by Nicolas Aube-Kubel and loses puck. 10:10 of 1st period - Icing by Yanni Gourde. 10:11 of 1st period - Mika Zibanejad wins face-off versus Connor Bedard in PORTLAND PIRATES zone. 10:11 of 1st period - Pavel Zacha is hit by Connor Bedard and loses puck. 10:16 of 1st period - Shot by Jordan Kyrou. 10:16 of 1st period - Stopped by Cameron Talbot with a rebound. 11:29 of 1st period - Minor Penalty to Alexis Lafreniere for Holding. 11:30 of 1st period - Pavel Zacha wins face-off versus Chris Kreider in KANSAS CITY KILLERBEES zone. 11:31 of 1st period - Shot by Thomas Chabot. 11:31 of 1st period - Stopped by Ilya Samsonov without a rebound. 11:32 of 1st period - Chris Kreider wins face-off versus Pavel Zacha in KANSAS CITY KILLERBEES zone. 12:05 of 1st period - Shot by Travis Konecny. 12:05 of 1st period - Stopped by Ilya Samsonov with a rebound. 12:07 of 1st period - Shot by Thomas Chabot. 12:07 of 1st period - Shot Misses the Net. 12:27 of 1st period - Shot by Robert Thomas. 12:27 of 1st period - Deflect By Chandler Stephenson. 12:27 of 1st period - Stopped by Ilya Samsonov with a rebound. 13:29 of 1st period - Shot by Michael McLeod. 13:29 of 1st period - Stopped by Ilya Samsonov without a rebound. 13:30 of 1st period - Tyler Johnson wins face-off versus Sam Steel in KANSAS CITY KILLERBEES zone. 13:30 of 1st period - Tyler Johnson is hit by Ryan Donato. 13:40 of 1st period - Icing by Brett Pesce. 13:41 of 1st period - Sam Steel wins face-off versus Morgan Barron in PORTLAND PIRATES zone. 13:58 of 1st period - Shot by Ryan Donato. 13:58 of 1st period - Stopped by Ilya Samsonov without a rebound. 13:59 of 1st period - Robert Thomas wins face-off versus Connor Bedard in KANSAS CITY KILLERBEES zone. 14:18 of 1st period - Shot by Jordan Kyrou. 14:18 of 1st period - Stopped by Cameron Talbot without a rebound. 14:19 of 1st period - Boone Jenner wins face-off versus Michael McLeod in PORTLAND PIRATES zone. 14:34 of 1st period - Shot by Chris Kreider. 14:34 of 1st period - Shot Misses the Net. 15:48 of 1st period - Shot by Yanni Gourde. 15:48 of 1st period - Deflect By Mika Zibanejad. 15:48 of 1st period - Stopped by Ilya Samsonov without a rebound. 15:49 of 1st period - Robert Thomas wins face-off versus Tyler Johnson in KANSAS CITY KILLERBEES zone. 16:25 of 1st period - Shot by Robert Thomas. 16:25 of 1st period - Shot Misses the Net. 16:49 of 1st period - Shot by Michael Amadio. 16:49 of 1st period - Shot Misses the Net. 17:56 of 1st period - Brett Pesce is hit by Chris Kreider and loses puck. 19:18 of 1st period - Icing by Chandler Stephenson. 19:19 of 1st period - Robert Thomas wins face-off versus Connor Bedard in PORTLAND PIRATES zone. 19:34 of 1st period - Shot by Connor Bedard. 19:34 of 1st period - Shot Misses the Net. 19:36 of 1st period - Shot by Sean Walker. 19:36 of 1st period - Shot Misses the Net. Goals for this period are 0 for PORTLAND PIRATES vs 0 for KANSAS CITY KILLERBEES. Shots for this period are 11 for PORTLAND PIRATES vs 6 for KANSAS CITY KILLERBEES. 2nd period0:01 of 2nd period - Mika Zibanejad wins face-off versus Boone Jenner in neutral zone. 0:40 of 2nd period - Icing by Thomas Chabot. 0:41 of 2nd period - Mika Zibanejad wins face-off versus Connor Bedard in PORTLAND PIRATES zone. 0:41 of 2nd period - Minor Penalty to Connor Bedard for Interference. 0:42 of 2nd period - Mika Zibanejad wins face-off versus Chris Kreider in KANSAS CITY KILLERBEES zone. 1:43 of 2nd period - Shot by Travis Konecny. 1:43 of 2nd period - Shot Misses the Net. 1:53 of 2nd period - Shot by Philipp Kurashev. 1:53 of 2nd period - Shot Misses the Net. 2:27 of 2nd period - Sean Walker is hit by Chandler Stephenson and loses puck. 2:49 of 2nd period - Michael McLeod is hit by Parker Wotherspoon. 2:57 of 2nd period - Shot by Ryan McLeod. 2:57 of 2nd period - Stopped by Ilya Samsonov without a rebound. 2:57 of 2nd period - Minor Penalty to Parker Wotherspoon for Holding. 2:58 of 2nd period - Pavel Zacha wins face-off versus Chris Kreider in KANSAS CITY KILLERBEES zone. 3:03 of 2nd period - Shot by Travis Konecny. 3:03 of 2nd period - Stopped by Ilya Samsonov without a rebound. 3:04 of 2nd period - Chris Kreider wins face-off versus Mika Zibanejad in KANSAS CITY KILLERBEES zone. 3:51 of 2nd period - Shot by Travis Konecny. 3:51 of 2nd period - Shot Misses the Net. 3:53 of 2nd period - Shot by Pavel Zacha. 3:53 of 2nd period - Deflect By Travis Konecny. 3:53 of 2nd period - Shot Blocked by Sean Walker. 5:05 of 2nd period - Brett Pesce is hit by Parker Wotherspoon and loses puck. 5:17 of 2nd period - Shot by Brett Pesce. 5:17 of 2nd period - Goal by Brett Pesce - PORTLAND PIRATES : 1 - KANSAS CITY KILLERBEES : 0. 5:18 of 2nd period - Sam Steel wins face-off versus Tyler Johnson in neutral zone. 6:33 of 2nd period - Shot by Connor Bedard. 6:33 of 2nd period - Stopped by Cameron Talbot without a rebound. 6:34 of 2nd period - Michael McLeod wins face-off versus Chris Kreider in PORTLAND PIRATES zone. 7:06 of 2nd period - Michael McLeod is hit by Ivan Provorov and loses puck. 7:17 of 2nd period - Michael McLeod is hit by Boone Jenner and loses puck. 7:41 of 2nd period - Icing by Chris Kreider. 7:42 of 2nd period - Boone Jenner wins face-off versus Robert Thomas in KANSAS CITY KILLERBEES zone. 8:09 of 2nd period - Shot by Connor Bedard. 8:09 of 2nd period - Goal by Connor Bedard - PORTLAND PIRATES : 1 - KANSAS CITY KILLERBEES : 1. 8:10 of 2nd period - Mika Zibanejad wins face-off versus Tyler Johnson in neutral zone. 8:48 of 2nd period - Shot by Tyler Johnson. 8:48 of 2nd period - Shot Blocked by Travis Dermott. 9:03 of 2nd period - Icing by Connor Bedard. 9:04 of 2nd period - Robert Thomas wins face-off versus Connor Bedard in KANSAS CITY KILLERBEES zone. 9:11 of 2nd period - Shot by Robert Thomas. 9:11 of 2nd period - Stopped by Ilya Samsonov without a rebound. 9:12 of 2nd period - Robert Thomas wins face-off versus Boone Jenner in KANSAS CITY KILLERBEES zone. 9:34 of 2nd period - Shot by Boone Jenner. 9:34 of 2nd period - Stopped by Cameron Talbot without a rebound. 9:35 of 2nd period - Alexis Lafreniere wins face-off versus Michael McLeod in PORTLAND PIRATES zone. 9:35 of 2nd period - Connor Bedard is hit by Alec Martinez and loses puck. 10:16 of 2nd period - Shot by Brett Pesce. 10:16 of 2nd period - Shot Blocked by Sean Walker. 10:39 of 2nd period - Icing by Travis Konecny. 10:40 of 2nd period - Boone Jenner wins face-off versus Robert Thomas in PORTLAND PIRATES zone. 11:12 of 2nd period - Shot by Travis Konecny. 11:12 of 2nd period - Stopped by Ilya Samsonov without a rebound. 11:13 of 2nd period - Mika Zibanejad wins face-off versus Tyler Johnson in KANSAS CITY KILLERBEES zone. 11:14 of 2nd period - Shot by Yanni Gourde. 11:14 of 2nd period - Shot Misses the Net. 11:51 of 2nd period - Shot by Mika Zibanejad. 11:51 of 2nd period - Shot Misses the Net. 11:53 of 2nd period - Shot by Yanni Gourde. 11:53 of 2nd period - Stopped by Ilya Samsonov without a rebound. 11:54 of 2nd period - Boone Jenner wins face-off versus Robert Thomas in KANSAS CITY KILLERBEES zone. 12:04 of 2nd period - Shot by Chris Kreider. 12:04 of 2nd period - Shot Misses the Net. 12:17 of 2nd period - Shot by Robert Thomas. 12:17 of 2nd period - Stopped by Ilya Samsonov without a rebound. 12:18 of 2nd period - Sam Steel wins face-off versus Jordan Kyrou in KANSAS CITY KILLERBEES zone. 12:27 of 2nd period - Shot by Jordan Kyrou. 12:27 of 2nd period - Shot Misses the Net. 12:58 of 2nd period - Shot by Connor Bedard. 12:58 of 2nd period - Shot Blocked by Thomas Chabot. 13:00 of 2nd period - Shot by Jordan Kyrou. 13:00 of 2nd period - Shot Blocked by Michael Anderson. 13:02 of 2nd period - Shot by Connor Bedard. 13:02 of 2nd period - Shot Misses the Net. 13:13 of 2nd period - Icing by Ryan Donato. 13:14 of 2nd period - Boone Jenner wins face-off versus Sam Steel in PORTLAND PIRATES zone. 13:19 of 2nd period - Shot by Chris Kreider. 13:19 of 2nd period - Shot Misses the Net. 13:53 of 2nd period - Shot by Philipp Kurashev. 13:53 of 2nd period - Stopped by Cameron Talbot with a rebound. 13:55 of 2nd period - Shot by Ivan Provorov. 13:55 of 2nd period - Shot Misses the Net. 13:57 of 2nd period - Shot by Boone Jenner. 13:57 of 2nd period - Shot Misses the Net. 14:06 of 2nd period - Icing by Thomas Chabot. 14:07 of 2nd period - Connor Bedard wins face-off versus Sam Steel in PORTLAND PIRATES zone. 14:15 of 2nd period - Shot by Connor Bedard. 14:15 of 2nd period - Stopped by Cameron Talbot without a rebound. 14:16 of 2nd period - Alexis Lafreniere wins face-off versus Robert Thomas in PORTLAND PIRATES zone. 14:19 of 2nd period - Shot by Connor Bedard. 14:19 of 2nd period - Goal by Connor Bedard - PORTLAND PIRATES : 1 - KANSAS CITY KILLERBEES : 2. 14:20 of 2nd period - Robert Thomas wins face-off versus Connor Bedard in neutral zone. 14:23 of 2nd period - Shot by Travis Konecny. 14:23 of 2nd period - Shot Blocked by Alexis Lafreniere. 14:25 of 2nd period - Shot by Travis Konecny. 14:25 of 2nd period - Stopped by Ilya Samsonov without a rebound. 14:26 of 2nd period - Chandler Stephenson wins face-off versus Chris Kreider in KANSAS CITY KILLERBEES zone. 15:20 of 2nd period - Icing by K'Andre Miller. 15:21 of 2nd period - Pavel Zacha wins face-off versus Philipp Kurashev in KANSAS CITY KILLERBEES zone. 15:22 of 2nd period - Shot by Mika Zibanejad. 15:22 of 2nd period - Stopped by Ilya Samsonov without a rebound. 15:23 of 2nd period - Connor Bedard wins face-off versus Mika Zibanejad in KANSAS CITY KILLERBEES zone. 15:23 of 2nd period - Connor Bedard is hit by Yanni Gourde. 15:41 of 2nd period - Connor Bedard is hit by Travis Dermott. 16:03 of 2nd period - Shot by Alexis Lafreniere. 16:03 of 2nd period - Deflect By Connor Bedard. 16:03 of 2nd period - Shot Blocked by Travis Dermott. 16:49 of 2nd period - Icing by Michael Anderson. 16:50 of 2nd period - Robert Thomas wins face-off versus Tyler Johnson in PORTLAND PIRATES zone. 17:03 of 2nd period - Shot by Chandler Stephenson. 17:03 of 2nd period - Goal by Chandler Stephenson - PORTLAND PIRATES : 2 - KANSAS CITY KILLERBEES : 2. 17:04 of 2nd period - Boone Jenner wins face-off versus Michael McLeod in neutral zone. 17:10 of 2nd period - Philipp Kurashev is hit by Brett Pesce and loses puck. 17:13 of 2nd period - Shot by Philipp Kurashev. 17:13 of 2nd period - Shot Misses the Net. 17:15 of 2nd period - Shot by Boone Jenner. 17:15 of 2nd period - Stopped by Cameron Talbot without a rebound. 17:16 of 2nd period - Tyler Johnson wins face-off versus Mika Zibanejad in PORTLAND PIRATES zone. 17:20 of 2nd period - Nicholas Paul is hit by Travis Dermott and loses puck. 17:36 of 2nd period - Shot by Pavel Zacha. 17:36 of 2nd period - Shot Misses the Net. 17:59 of 2nd period - Shot by Tyler Johnson. 17:59 of 2nd period - Deflect By Nicholas Paul. 17:59 of 2nd period - Stopped by Cameron Talbot without a rebound. 18:00 of 2nd period - Michael McLeod wins face-off versus Boone Jenner in PORTLAND PIRATES zone. 18:09 of 2nd period - Shot by Ryan Donato. 18:09 of 2nd period - Shot Misses the Net. 19:34 of 2nd period - Shot by Travis Konecny. 19:34 of 2nd period - Stopped by Ilya Samsonov without a rebound. 19:35 of 2nd period - Mika Zibanejad wins face-off versus Connor Bedard in KANSAS CITY KILLERBEES zone. Goals for this period are 2 for PORTLAND PIRATES vs 2 for KANSAS CITY KILLERBEES. Shots for this period are 11 for PORTLAND PIRATES vs 8 for KANSAS CITY KILLERBEES. 3rd period0:01 of 3rd period - Connor Bedard wins face-off versus Robert Thomas in neutral zone. 0:01 of 3rd period - Connor Bedard is hit by Robert Thomas. 0:34 of 3rd period - Shot by Connor Bedard. 0:34 of 3rd period - Shot Misses the Net. 0:39 of 3rd period - Alexis Lafreniere is hit by Alec Martinez and loses puck. 0:44 of 3rd period - Shot by Jordan Kyrou. 0:44 of 3rd period - Shot Blocked by Alec Martinez. 1:47 of 3rd period - Shot by Yanni Gourde. 1:47 of 3rd period - Shot Misses the Net. 1:49 of 3rd period - Shot by Yanni Gourde. 1:49 of 3rd period - Deflect By Pavel Zacha. 1:49 of 3rd period - Shot Misses the Net. 2:07 of 3rd period - Shot by Pavel Zacha. 2:07 of 3rd period - Stopped by Ilya Samsonov with a rebound. 2:42 of 3rd period - Icing by Marc-Edouard Vlasic. 2:43 of 3rd period - Michael McLeod wins face-off versus Connor Bedard in PORTLAND PIRATES zone. 3:01 of 3rd period - Ryan McLeod is hit by Alexis Lafreniere. 3:05 of 3rd period - Shot by Michael McLeod. 3:05 of 3rd period - Shot Misses the Net. 3:09 of 3rd period - Shot by Ryan McLeod. 3:09 of 3rd period - Shot Misses the Net. 3:15 of 3rd period - Shot by Michael McLeod. 3:15 of 3rd period - Deflect By Ryan Donato. 3:15 of 3rd period - Shot Misses the Net. 3:17 of 3rd period - Shot by Ryan McLeod. 3:17 of 3rd period - Shot Misses the Net. 3:30 of 3rd period - Pavel Zacha is hit by Mattias Ekholm and loses puck. 3:37 of 3rd period - Shot by Mika Zibanejad. 3:37 of 3rd period - Stopped by Ilya Samsonov with a rebound. 3:39 of 3rd period - Shot by Thomas Chabot. 3:39 of 3rd period - Shot Blocked by Mattias Ekholm. 3:41 of 3rd period - Shot by Yanni Gourde. 3:41 of 3rd period - Shot Blocked by Ivan Provorov. 3:43 of 3rd period - Shot by Mika Zibanejad. 3:43 of 3rd period - Shot Blocked by Connor Bedard. 3:46 of 3rd period - Minor Penalty to Mattias Ekholm for Tripping. 3:47 of 3rd period - Mika Zibanejad wins face-off versus Chris Kreider in KANSAS CITY KILLERBEES zone. 4:46 of 3rd period - Shot by Pavel Zacha. 4:46 of 3rd period - Shot Misses the Net. 4:48 of 3rd period - Shot by Pavel Zacha. 4:48 of 3rd period - Shot Misses the Net. 4:50 of 3rd period - Shot by Pavel Zacha. 4:50 of 3rd period - Stopped by Ilya Samsonov without a rebound. 4:51 of 3rd period - Robert Thomas wins face-off versus Jordan Kyrou in KANSAS CITY KILLERBEES zone. 5:18 of 3rd period - Shot by Chandler Stephenson. 5:18 of 3rd period - Shot Misses the Net. 5:20 of 3rd period - Shot by Thomas Chabot. 5:20 of 3rd period - Shot Blocked by Ivan Provorov. 6:19 of 3rd period - Icing by Michael McLeod. 6:20 of 3rd period - Michael McLeod wins face-off versus Jordan Kyrou in PORTLAND PIRATES zone. 6:53 of 3rd period - Shot by Robert Thomas. 6:53 of 3rd period - Shot Blocked by Connor Bedard. 6:55 of 3rd period - Shot by Robert Thomas. 6:55 of 3rd period - Shot Misses the Net. 6:57 of 3rd period - Shot by Robert Thomas. 6:57 of 3rd period - Stopped by Ilya Samsonov without a rebound. 6:58 of 3rd period - Boone Jenner wins face-off versus Mika Zibanejad in KANSAS CITY KILLERBEES zone. 7:33 of 3rd period - Shot by Yanni Gourde. 7:33 of 3rd period - Stopped by Ilya Samsonov with a rebound. 7:39 of 3rd period - Shot by Mika Zibanejad. 7:39 of 3rd period - Stopped by Ilya Samsonov without a rebound. 7:40 of 3rd period - Travis Konecny wins face-off versus Tyler Johnson in KANSAS CITY KILLERBEES zone. 7:57 of 3rd period - Off-side. 7:58 of 3rd period - Michael McLeod wins face-off versus Connor Bedard in neutral zone. 8:23 of 3rd period - Shot by Alexis Lafreniere. 8:23 of 3rd period - Shot Misses the Net. 8:29 of 3rd period - Shot by Michael McLeod. 8:29 of 3rd period - Shot Misses the Net. 8:44 of 3rd period - Jordan Kyrou is hit by Travis Dermott and loses puck. 8:46 of 3rd period - Minor Penalty to Travis Dermott for Roughing. 8:47 of 3rd period - Boone Jenner wins face-off versus Michael McLeod in PORTLAND PIRATES zone. 9:46 of 3rd period - Marc-Edouard Vlasic is hit by Alexis Lafreniere and loses puck. 10:24 of 3rd period - Icing by Chris Kreider. 10:25 of 3rd period - Tyler Johnson wins face-off versus Michael Amadio in KANSAS CITY KILLERBEES zone. 10:25 of 3rd period - Tyler Johnson is hit by Michael Amadio. 10:31 of 3rd period - Boone Jenner is hit by Michael Amadio and loses puck. 10:54 of 3rd period - Shot by MacKenzie Entwistle. 10:54 of 3rd period - Shot Misses the Net. 11:13 of 3rd period - Minor Penalty to Parker Wotherspoon for Holding. 11:14 of 3rd period - Pavel Zacha wins face-off versus Jordan Kyrou in KANSAS CITY KILLERBEES zone. 11:32 of 3rd period - Off-side. 11:33 of 3rd period - Mika Zibanejad wins face-off versus Chris Kreider in neutral zone. 12:10 of 3rd period - Shot by Thomas Chabot. 12:10 of 3rd period - Shot Misses the Net. 12:12 of 3rd period - Shot by Thomas Chabot. 12:12 of 3rd period - Shot Misses the Net. 12:14 of 3rd period - Shot by Robert Thomas. 12:14 of 3rd period - Stopped by Ilya Samsonov without a rebound. 12:15 of 3rd period - Travis Konecny wins face-off versus Chris Kreider in KANSAS CITY KILLERBEES zone. 12:20 of 3rd period - Shot by Pavel Zacha. 12:20 of 3rd period - Stopped by Ilya Samsonov without a rebound. 12:21 of 3rd period - Pavel Zacha wins face-off versus Chris Kreider in KANSAS CITY KILLERBEES zone. 12:46 of 3rd period - Shot by Travis Konecny. 12:46 of 3rd period - Stopped by Ilya Samsonov without a rebound. 12:47 of 3rd period - Mika Zibanejad wins face-off versus Jordan Kyrou in KANSAS CITY KILLERBEES zone. 13:10 of 3rd period - Shot by Thomas Chabot. 13:10 of 3rd period - Stopped by Ilya Samsonov without a rebound. 13:11 of 3rd period - Pavel Zacha wins face-off versus Chris Kreider in KANSAS CITY KILLERBEES zone. 13:38 of 3rd period - Ryan Donato is hit by Nicolas Aube-Kubel and loses puck. 13:58 of 3rd period - Icing by Justin Schultz. 13:59 of 3rd period - Tyler Johnson wins face-off versus Yanni Gourde in KANSAS CITY KILLERBEES zone. 14:13 of 3rd period - Icing by Brett Pesce. 14:14 of 3rd period - Mika Zibanejad wins face-off versus Boone Jenner in PORTLAND PIRATES zone. 14:16 of 3rd period - Icing by Pavel Zacha. 14:17 of 3rd period - Boone Jenner wins face-off versus Mika Zibanejad in PORTLAND PIRATES zone. 14:22 of 3rd period - Shot by Boone Jenner. 14:22 of 3rd period - Stopped by Cameron Talbot with a rebound. 14:24 of 3rd period - Shot by Ivan Provorov. 14:24 of 3rd period - Stopped by Cameron Talbot with a rebound. 14:26 of 3rd period - Shot by Boone Jenner. 14:26 of 3rd period - Stopped by Cameron Talbot with a rebound. 14:28 of 3rd period - Shot by Philipp Kurashev. 14:28 of 3rd period - Stopped by Cameron Talbot without a rebound. 14:29 of 3rd period - Robert Thomas wins face-off versus Connor Bedard in PORTLAND PIRATES zone. 14:41 of 3rd period - Icing by K'Andre Miller. 14:42 of 3rd period - Mika Zibanejad wins face-off versus Connor Bedard in KANSAS CITY KILLERBEES zone. 14:55 of 3rd period - Shot by Mika Zibanejad. 14:55 of 3rd period - Shot Misses the Net. 15:22 of 3rd period - Off-side. 15:23 of 3rd period - Boone Jenner wins face-off versus Robert Thomas in neutral zone. 15:44 of 3rd period - Shot by Travis Konecny. 15:44 of 3rd period - Goal by Travis Konecny - PORTLAND PIRATES : 3 - KANSAS CITY KILLERBEES : 2. 15:45 of 3rd period - Tyler Johnson wins face-off versus Michael McLeod in neutral zone. 15:50 of 3rd period - Shot by Nicholas Paul. 15:50 of 3rd period - Shot Misses the Net. 15:56 of 3rd period - Shot by Ryan McLeod. 15:56 of 3rd period - Shot Misses the Net. 15:58 of 3rd period - Shot by Marc-Edouard Vlasic. 15:58 of 3rd period - Shot Blocked by Parker Wotherspoon. 16:02 of 3rd period - Shot by Ryan McLeod. 16:02 of 3rd period - Deflect By Ryan Donato. 16:02 of 3rd period - Stopped by Ilya Samsonov with a rebound. 16:04 of 3rd period - Shot by Travis Dermott. 16:04 of 3rd period - Stopped by Ilya Samsonov without a rebound. 16:05 of 3rd period - Boone Jenner wins face-off versus Mika Zibanejad in KANSAS CITY KILLERBEES zone. 16:12 of 3rd period - Shot by Chris Kreider. 16:12 of 3rd period - Shot Blocked by Brett Pesce. 16:22 of 3rd period - Shot by Pavel Zacha. 16:22 of 3rd period - Shot Misses the Net. 17:38 of 3rd period - Off-side. 17:39 of 3rd period - Michael McLeod wins face-off versus Connor Bedard in neutral zone. 18:19 of 3rd period - Shot by Connor Bedard. 18:19 of 3rd period - Shot Misses the Net. 18:25 of 3rd period - Shot by Jordan Kyrou. 18:25 of 3rd period - Stopped by Cameron Talbot without a rebound. 18:26 of 3rd period - Mika Zibanejad wins face-off versus Tyler Johnson in PORTLAND PIRATES zone. 18:43 of 3rd period - Shot by Pavel Zacha. 18:43 of 3rd period - Stopped by Ilya Samsonov without a rebound. 18:44 of 3rd period - Morgan Barron wins face-off versus Travis Konecny in KANSAS CITY KILLERBEES zone. 18:44 of 3rd period - Morgan Barron is hit by Travis Konecny. 18:52 of 3rd period - Shot by Justin Schultz. 18:52 of 3rd period - Shot Misses the Net. 18:54 of 3rd period - Shot by Nicolas Aube-Kubel. 18:54 of 3rd period - Shot Blocked by Michael Anderson. 18:55 of 3rd period - Minor Penalty to Michael Anderson for Hooking. 18:56 of 3rd period - Michael McLeod wins face-off versus Philipp Kurashev in PORTLAND PIRATES zone. 19:05 of 3rd period - KANSAS CITY KILLERBEES, Ilya Samsonov is pulled from the net. 19:19 of 3rd period - Shot by Philipp Kurashev. 19:19 of 3rd period - Deflect By Alexis Lafreniere. 19:19 of 3rd period - Shot Misses the Net. Goals for this period are 1 for PORTLAND PIRATES vs 0 for KANSAS CITY KILLERBEES. Shots for this period are 14 for PORTLAND PIRATES vs 5 for KANSAS CITY KILLERBEES. Back to the Top |
LUCAS RAYMOND |
EVAN BOUCHARD |
NIKITA KUCHEROV |